 Dungeon Crawl Stone Soup version 0.26.0-57-g60708a5e39 (webtiles) character file.

Game seed: 13511340562790101041

34 kaeus the Ruffian (level 3, 0/36 HPs)
             Began as an Ogre Transmuter on Feb 1, 2021.
             Succumbed to an adder's poison
             ... on level 1 of the Dungeon.
             The game lasted 00:02:12 (1137 turns).

kaeus the Ruffian (Ogre Transmuter)                 Turns: 1137, Time: 00:02:13

Health: 0/36       AC:  3    Str: 14    XL:     3   Next: 31%
Magic:  5/6        EV: 10    Int: 14    God:
Gold:   86         SH:  0    Dex: 10    Spells: 3/7 levels left

rFire    . . .     SeeInvis .     - Unarmed
rCold    . . .     Faith    .   (no shield)
rNeg     . . .     Spirit   .   a - +0 robe
rPois    .         Reflect  .   (helmet currently unavailable)
rElec    .         Harm     .   (no cloak)
rCorr    .         Rampage  .   (gloves unavailable)
Will     .....                  (boots unavailable)
Stlth    +.........             (no amulet)
HPRegen  0.12/turn              (no ring)
MPRegen  0.10/turn              (no ring)

@: lethally poisoned (0 -> -3), appendages
A: large, unfitting armour, horns 2, talons 2, tough skin 1
a: End Transformation


You were on level 1 of the Dungeon.
You had grown temporary horns.
You had grown temporary talons.
You visited 1 branch of the dungeon, and saw 2 of its levels.

You collected 86 gold pieces.

Inventory:

Armour
 a - a +0 robe (worn)
Jewellery
 f - a cursed amulet of inaccuracy {unknown}
Scrolls
 b - a scroll of identify {unknown}
 d - a scroll of enchant weapon {unknown}
 g - a scroll of magic mapping {unknown}
 i - a scroll of teleportation {unknown}
Potions
 c - 2 potions of degeneration {unknown}
 e - 2 potions of ambrosia {unknown}
 h - a potion of curing {unknown}


   Skills:
 - Level 2.8 Fighting
 - Level 1.7 Dodging
 - Level 3.2 Unarmed Combat
 + Level 2.5 Spellcasting
 + Level 1.9 Transmutations
 + Level 0.2 Poison Magic


You had 3 spell levels left.
You knew the following spells:

 Your Spells              Type           Power        Failure   Level
a - Beastly Appendage     Tmut           14%          11%         1
b - Spider Form           Tmut/Pois      2%           41%         3

Your spell library contained the following spells:

 Spells                   Type           Power        Failure   Level
 Wereblood                Tmut           7%           16%         2
 Ice Form                 Ice/Tmut       4%           83%         4
 Blade Hands              Tmut           3%           96%         5


Dungeon Overview and Level Annotations

Branches:
Dungeon (2/15)

Altars:


Innate Abilities, Weirdness & Mutations

You are too large for most types of armour.
You have tough skin. (AC +1)
You have a pair of horns on your head.
You have razor-sharp toenails.


Message History

There is a stone staircase leading up here.
The adder barely misses you.
You climb upwards.
There is a stone staircase leading down here.
You are too injured to fight recklessly!
Casting: Beastly Appendage (safe; 11% risk of failure)
Confirm with . or Enter, or press ? or * to list all spells.
You grow a pair of large bovine horns.
Your feet morph into talons.
The adder barely misses you. The adder bites you.
* * * LOW HITPOINT WARNING * * *
You are poisoned.
The adder poisons you!
You take 2 damage, and have 7/36 hp.
You now have 5/6 mp.
You barely miss the adder.
You feel sick. The adder barely misses you.
You take 1 damage, and have 6/36 hp.
You closely miss the adder. Your kick misses the adder. The adder bites you.
* * * LOW HITPOINT WARNING * * *
You take 5 damage, and have 1/36 hp.
You miss the adder.
You die...

#.......# #.######
#.####..### #.......
#.####....######.###.
#.##.............# #.
#.##.#....######.###.
#.......#.# #.....
#.......#.# #####.
####.##.#.# #.
#..@...#.##########.
#.#S.....#.......##.
#.####.###.......##♣
#.#....# #.......#♣♣
#.#.##.# #.......#♣.
#.[....# #........♣.
###.#### #..........
#†# #.......... #.#
####.......


You could see an adder.

Vanquished Creatures
  2 oozes (D:1)
  A dart slug (D:1)
  2 leopard geckos (D:1)
  4 bats (D:1)
  A giant cockroach (D:1)
  2 goblins (D:1)
  3 hobgoblins
  2 jackals (D:1)
  A quokka (D:2)
  2 kobolds
20 creatures vanquished.

Notes
Turn   | Place    | Note
-------+----------+-------------------------------------------
     0 | D:1      | kaeus the Ogre Transmuter began the quest for the Orb.
     0 | D:1      | Reached XP level 1. HP: 19/19 MP: 3/3
   162 | D:1      | Reached skill level 3 in Unarmed Combat
   162 | D:1      | Reached XP level 2. HP: 17/28 MP: 3/5
   588 | D:1      | Reached XP level 3. HP: 34/36 MP: 4/6
   592 | D:1      | Learned a level 3 spell: Spider Form
  1136 | D:1      | HP: 1/36 [adder (5)]
  1137 | D:1      | Succumbed to an adder's poison

Illustrated notes

Levels and vault maps discovered:
D:1:      amcnicky_arrival_underground_garden, layout_loops_cross,
          minmay_unequal
D:2:      layout_basic, uniq_terence

Skill      XL: |  1 |
---------------+----+-----
Fighting       | 2 |  2.8
Unarmed Combat | 3 |  3.2
Dodging        | |  1.7
Spellcasting   | |  2.5
Transmutations | |  1.9
Poison Magic   | |  0.2

Action                   || total
-------------------------++-------
Melee: Unarmed           ||    71
       Kick              ||     9
       Headbutt          ||     7
 Cast: Beastly Appendage ||    16
Armor: Robe              ||    30
Dodge: Dodged            ||    56
